Description

ZvT all in for very fast roaches on 1 base and 2 extractors

Replay - Gredu v lllIIllIllIl - World of Sleepers LE

Build Order

Get SALT Encoding   

  12  0:00  Drone  
  13  0:13  Drone  
  14  0:18  Extractor  
  14  0:20  Drone  
  14  0:27  Drone, Extractor  
  15  0:41  Spawning Pool  
  14  0:45  Overlord  
  14  0:51  Drone, Extractor  
  14  1:05  Drone x3  
  17  1:18  Drone  
  18  1:27  Roach Warren  
  18  1:28  Drone  
  18  1:39  Overlord  
  18  2:07  Roach x3  
  24  2:24  Roach  
  25  2:41  Roach  
Spawning Tool Build Advisor. Get it on Overwolf

Go to:

Details

  • Created by: xenlee
  • Published on: Dec 16, 2019
  • Modified on: Dec 16, 2019
  • Patch: 4.11.0
Show
View Real Time Build Order
Export as new Build Order

Comments (0)

There are no comments. Be the first!

Create an account to comment!